 Dungeon Crawl Stone Soup version 0.25.0-10-g039870ee82 (webtiles) character file.

Game seed: 5201152096966643225

239 Delamore the Chopper (level 6, -8/51 HPs)
             Began as a Hill Orc Monk on June 23, 2020.
             Mangled by a wight
             ... wielding a cursed +2 great sword
              (12 damage)
             ... on level 3 of the Dungeon.
             The game lasted 00:04:02 (2305 turns).

Delamore the Chopper (Hill Orc Monk)                Turns: 2305, Time: 00:04:03

Health: -8/51      AC:  5    Str: 16    XL:     6   Next: 7%
Magic:  6/6        EV: 10    Int: 10    God:
Gold:   187        SH:  3    Dex: 13    Spells: 5/5 levels left

rFire    . . .     SeeInvis .   i - +2 whip (pain)
rCold    . . .     Gourm    .   d - +0 buckler (curse)
rNeg     . . .     Faith    .   l - +0 leather armour
rPois    .         Spirit   .   (no helmet)
rElec    .         Reflect  .   h - +1 cloak
rCorr    .         Harm     .   (no gloves)
MR       .....                  (no boots)
Stlth    +.........             p - amulet of regeneration
HPRegen  0.57/turn              (no ring)
MPRegen  0.10/turn              (no ring)

@: hasted, heavily drained, very quick
A: no striking features
a: no special abilities


You were on level 3 of the Dungeon.
You were hungry.

You visited 1 branch of the dungeon, and saw 3 of its levels.

You collected 187 gold pieces.

Inventory:

Hand Weapons
 i - a +2 whip of pain (weapon)
Missiles
 n - 20 poisoned darts (quivered)
Armour
 d - a cursed +0 buckler (worn)
 h - a +1 cloak (worn)
 l - a +0 leather armour (worn)
Jewellery
 p - an amulet of regeneration (around neck)
Scrolls
 a - 3 scrolls of remove curse
 b - a scroll of blinking {unknown}
 e - 2 scrolls of enchant weapon
 j - 2 scrolls of enchant armour
 k - a scroll of amnesia
 o - 3 scrolls of teleportation {unknown}
Comestibles
 c - 6 rations


   Skills:
 - Level 3.6(1.9) Fighting
   Level 6.8(5.7) Axes
 + Level 4.2(3.8) Maces & Flails
 - Level 2.4(0.7) Dodging
 - Level 1.5(0.0) Stealth


You had 5 spell levels left.
You didn't know any spells.
Your spell library was empty.

Dungeon Overview and Level Annotations

Branches:
Dungeon (3/15)

Altars:
Yredelemnul


Message History

The wight closely misses you.
You aren't carrying any potions.
Sorry, you're not good enough to have a special ability.
You aren't carrying any items that you can evoke.
You barely miss the wight.
The wight is lightly damaged.
The wight hits you with a +6 battleaxe!
* * * LOW HITPOINT WARNING * * *
You feel drained.
* * * LOW HITPOINT WARNING * * *
You hit the wight.
The wight is moderately damaged.
The wight barely misses you.
You hit the wight but do no damage.
The wight is moderately damaged.
The wight closely misses you.
You closely miss the wight.
The wight is moderately damaged.
The wight hits you with a cursed +2 great sword!
You die...

#...###### #....... #####...#
#......# #.......# #......#
#####.......###### #......#
.................# #......#
#####.......####.##############.#
#.......# #.##.......... .#
#####.......# #z##..........#
............# #@z...........#
.......##...# ####..........#
.......##...# #..........#
........##### #..........#
........# #..........# .)[.....#
#..........# #######.#
#..........# #.# #..........# #.#
#..........#


You could see 2 wights.

Vanquished Creatures
  2 wights (D:3)
  An orc priest (D:3)
  6 adders
  2 oozes
  A worm (D:2)
  4 leopard geckos
  2 orcs (D:3)
  3 bats
  3 giant cockroaches
  3 goblins (D:3)
  3 hobgoblins
  8 kobolds
  2 quokkas (D:2)
  A ball python (D:3)
  A frilled lizard (D:3)
  10 rats
  A spectral orc (D:2)
53 creatures vanquished.

Vanquished Creatures (others)
  An orc wizard (D:3)
1 creature vanquished.

Grand Total: 54 creatures vanquished

Notes
Turn   | Place    | Note
-------+----------+-------------------------------------------
     0 | D:1      | Delamore the Hill Orc Monk began the quest for the Orb.
     0 | D:1      | Reached XP level 1. HP: 19/19 MP: 1/1
   339 | D:1      | Reached XP level 2. HP: 22/26 MP: 2/2
   397 | D:1      | Reached skill level 5 in Axes
   877 | D:2      | Reached XP level 3. HP: 31/31 MP: 3/3
  1062 | D:2      | Reached skill level 6 in Axes
  1086 | D:2      | Reached XP level 4. HP: 31/39 MP: 4/4
  1320 | D:2      | Found a basalt altar of Yredelemnul.
  1698 | D:3      | Reached skill level 1 in Maces & Flails
  1767 | D:3      | Reached XP level 5. HP: 41/45 MP: 5/5
  2218 | D:3      | Reached XP level 6. HP: 23/51 MP: 6/6
  2305 | D:3      | Mangled by a wight

Illustrated notes

Levels and vault maps discovered:
D:1:      tarquinn_simple_flora_water_b, layout_basic
D:2:      layout_loops_ring, yredelemnul_forgotten_temple_becter, first_ration
D:3:      layout_basic

Skill      XL: |  1  2  3  4  5 |
---------------+----------------+-----
Axes           | 5 6 |  6.8
Maces & Flails | 2 4 |  4.2
Fighting       | |  3.6
Dodging        | |  2.4
Stealth        | |  1.5

Action                   |  1- 3 |  4- 6 || total
-------------------------+-------+-------++-------
Melee: Hand axe          |    10 |       ||    10
       Whip              |    74 |   176 ||   250
  Use: Scroll            |     3 |     2 ||     5
       Potion            |       |     4 ||     4
 Stab: Sleeping          |     1 |     2 ||     3
  Eat: Chunk             |     1 |     3 ||     4
Armor: Plate armour      |    63 |    17 ||    80
       Leather armour    |       |    37 ||    37
Dodge: Dodged            |    15 |    73 ||    88
Block: Buckler           |       |     9 ||     9
